 Dungeon Crawl Stone Soup version 0.30-a0-778-g2ef04afb54 (webtiles) character file.

Game seed: 17335250320089060379

36 hikkokomori the Conjurer (level 3, -3/28 HPs)
             Began as a Draconian Conjurer on Feb 16, 2023.
             Killed from afar by Robin (16 damage)
             ... with a bolt of dispelling energy
             ... on level 2 of the Dungeon.
             The game lasted 00:01:34 (1294 turns).

hikkokomori the Conjurer (Draconian Conjurer)       Turns: 1294, Time: 00:01:34

Health: -3/28      AC:  5    Str:  9    XL:     3   Next: 19%
Magic:  6/6        EV: 12    Int: 18    God:
Gold:   73         SH:  0    Dex: 11    Spells: 3/6 levels left

rFire   . . .      SeeInvis .    h - +1 dagger (freeze)
rCold   . . .      Faith    .    (no shield)
rNeg    . . .      Spirit   .    (body armour unavailable)
rPois   .          Reflect  .    (helmet restricted)
rElec   .          Harm     .    (no cloak)
rCorr   .          Rampage  .    (no gloves)
Will    .....                    (no boots)
Stlth   ++                       (no amulet)
HPRegen 0.24/turn                (no ring)
MPRegen 0.10/turn                (no ring)

@: no status effects
A: AC +5, unfitting armour, cold-blooded
a: no special abilities


You were on level 2 of the Dungeon.
You visited 1 branch of the dungeon, and saw 2 of its levels.

You collected 73 gold pieces.

Inventory:

Hand Weapons
 h - a +1 dagger of freezing (weapon)
Scrolls
 c - a scroll of teleportation {unknown}
 d - 2 scrolls of identify {unknown}
Potions
 a - a potion of magic
 b - 2 potions of ambrosia {unknown}
 e - a potion of invisibility {unknown}
 f - a potion of curing {unknown}
 g - 2 potions of might {unknown}


   Skills:
 + Level 1.3 Fighting
 - Level 1.7 Dodging
 + Level 2.3 Stealth
 + Level 2.4 Spellcasting
 + Level 4.2 Conjurations


You had 3 spell levels left.
You knew the following spells:

 Your Spells              Type           Power      Damage    Failure   Level
a - Magic Dart            Conj           68%        1d6       3%          1
b - Searing Ray           Conj           34%        2d5       4%          2

Your spell library contained the following spells:

 Spells                   Type           Power      Damage    Failure   Level
 Dazzling Flash           Conj/Hex       18%        N/A       22%         3
 Fulminant Prism          Conj/Hex       4%         3d5       58%         4
 Iskenderun's Mystic Bla  Conj/Tloc      9%         2d4       58%         4


Dungeon Overview and Level Annotations

Branches:
Dungeon (2/15)

Altars:

Annotations:
D:2 Robin


Innate Abilities, Weirdness & Mutations

Your plain brown scales are hard. (AC +5)
You cannot fit into any form of body armour.
You are cold-blooded and may be slowed by cold attacks.


Message History

The magic dart hits the goblin.
You kill the goblin!
The magic dart hits the hobgoblin but does no damage.
The magic dart hits the hobgoblin.
The hobgoblin is almost dead.
The magic dart hits the hobgoblin.
You kill the hobgoblin!
You can't see any susceptible monsters within range! (Use Z to cast anyway.)
You can't see any susceptible monsters within range! (Use Z to cast anyway.)
You can't see any susceptible monsters within range! (Use Z to cast anyway.)
You can't see any susceptible monsters within range! (Use Z to cast anyway.)
You can't see any susceptible monsters within range! (Use Z to cast anyway.)
You can't see any susceptible monsters within range! (Use Z to cast anyway.)
You can't see any susceptible monsters within range! (Use Z to cast anyway.)
You can't see any susceptible monsters within range! (Use Z to cast anyway.)
You can't see any susceptible monsters within range! (Use Z to cast anyway.)
You start resting.
A hobgoblin comes into view.
The magic dart hits the hobgoblin.
The hobgoblin is heavily wounded.
The magic dart hits the hobgoblin.
You kill the hobgoblin!
You start resting.
Magic restored.
Things that are here:
2 stones; a bat corpse You see here a +1 dagger of freezing.
h - a +1 dagger of freezing Your +1 dagger of freezing glows with a cold blue light!
h - a +1 dagger of freezing (weapon)
Robin and a goblin come into view.
Robin is wielding a +0 mace and carrying a wand of quicksilver (9).
Robin shouts!
The goblin shouts!
You hear a shout! x4; You hear an angry hiss.
A goblin comes into view. It is wielding a +0 club.
Robin zaps a wand.
The bolt of dispelling energy hits you!
Ouch! That really hurt!
A goblin comes into view. It is wielding a +0 dagger.
Robin zaps a wand.
The bolt of dispelling energy hits you!
Ouch! That really hurt!
You die... g.g

... .#..######.#
⌠.g....g...#
..gg...g...##.# #
#g.?..... #####..#
#g####### # #......# #.#
###.#########g#####
.......##.......@.#
#...##†##.###.###.#
..#.##.##.# #.###.#####
###.##.##.# #.........#
.##.##.##.# #####.###.#.#
###.##.##.####..........#
.##............##(###.#.#
#...........#####.#
#.####.##.....†...#


You could see Robin.

Vanquished Creatures
  An adder (D:2)
  A dart slug (D:1)
  5 ball pythons
  An endoplasm (D:1)
  A giant cockroach (D:2)
  A goblin (D:2)
  3 hobgoblins
  A quokka (D:1)
  5 bats
  2 frilled lizards (D:1)
  A kobold (D:1)
  4 rats (D:1)
26 creatures vanquished.

Notes
Turn   | Place    | Note
-------+----------+-------------------------------------------
     0 | D:1      | hikkokomori the Draconian Conjurer began the quest for the
                  | Orb.
     0 | D:1      | Reached XP level 1. HP: 14/14 MP: 3/3
   301 | D:1      | Reached XP level 2. HP: 22/22 MP: 3/5
   344 | D:1      | Learned a level 2 spell: Searing Ray
   585 | D:1      | Reached skill level 1 in Fighting
  1066 | D:2      | Reached XP level 3. HP: 28/28 MP: 2/6
  1195 | D:2      | Noticed Robin
  1294 | D:2      | Killed from afar by Robin

Illustrated notes

Levels and vault maps discovered:
D:1:      dpeg_arrival_fog, layout_basic, solitary_fountain, minmay_box_of_dots
D:2:      layout_loops_ring, minmay_misc_feat_doors, hangedman_feature_mirror,
          chequers_serial_rivers_micro_c, uniq_robin

Skill      XL: |  1  2 |
---------------+-------+-----
Stealth        | 2 |  2.3
Fighting       | 1 |  1.3
Dodging        | |  1.7
Spellcasting   | |  2.4
Conjurations   | |  4.2

Action                     || total
---------------------------++-------
  Melee: Unarmed           ||     1
   Cast: Magic Dart        ||    44
 Armour: Skin              ||     2
  Dodge: Dodged            ||     6

Table legend: (Time is in decaauts)
 A = Elapsed time spent in this place.
 B = Non-inter-level travel time spent in this place.
 C = Inter-level travel time spent in this place.
 D = Time resting spent in this place.
 E = Time spent auto-exploring this place.
 F = Levels seen in this place.
 G = Mean time per level.
                   A        B        C        D        E       F      G
               +--------+--------+--------+--------+--------+-----+--------+
         Total |   1293 |   1260 |     33 |     63 |   1088 |   2 |  646.5 |
       Dungeon |   1293 |   1260 |     33 |     63 |   1088 |   2 |  646.5 |
               +--------+--------+--------+--------+--------+-----+--------+

Top non-repeatable levels by time:
     D:1: 1036 daAuts
     D:2: 257 daAuts
